Map: Prion Terraces

Players

Mumburra - Winner!

  • Race: Terran Terran
  • League: Silver

chefen

  • Race: Zerg Zerg
  • League: Gold

VOD

Have the link to the VOD?

Description

Time

  • Played on: Nov. 21, 2015, 9:03 p.m.
  • Length: 12:40
Show
View Real Time Build Order
Export as new Build Order

Mumburra Terran - Winner!

Build Orders: Reaper Expand, MMM Bio 

Get SALT Encoding   

  12  0:02  SCV  
  13  0:18  SCV, Supply Depot  
  14  0:32  SCV  
  15  0:42  Barracks  
  15  0:48  SCV, Refinery  
  16  1:00  SCV  
  17  1:12  SCV  
  18  1:32  Command Center  
  18  1:36  Reaper  
  20  1:52  Orbital Command  
  18  2:00  Supply Depot  
  18  2:10  Factory  
  18  2:24  SCV  
  19  2:30  Reaper  
  19  2:36  SCV, Bunker  
  21  2:50  Orbital Command  
  21  2:56  Factory Reactor  
  21  3:00  SCV  
  22  3:12  SCV  
  23  3:16  Barracks Tech Lab  
  23  3:17  Refinery  
  23  3:19  SCV  
  24  3:24  SCV  
  25  3:31  SCV  
  26  3:35  Hellion x2  
  26  3:36  SCV, Marine  
  26  3:38  Stimpack  
  32  3:43  SCV  
  34  3:48  SCV  
  34  3:56  SCV  
  34  4:00  SCV, Hellion x2, Marine  
  41  4:08  SCV  
  42  4:19  Marine  
  42  4:21  Hellion  
  45  4:33  Command Center  
  45  4:36  Engineering Bay  
  45  4:37  Engineering Bay  
  45  4:46  Barracks x2  
  45  4:47  Barracks  
  45  5:00  Hellion  
  46  5:14  Widow Mine  
  46  5:16  SCV x2  
  46  5:17  Terran Infantry Weapons Level 1  
  46  5:18  Terran Infantry Armor Level 1  
  44  5:26  Supply Depot, Marine  
  40  5:29  SCV  
  41  5:38  SCV  
  41  5:39  Combat Shields  
  41  5:40  Barracks Reactor  
  41  5:41  SCV  
  41  5:42  Barracks Tech Lab  
  43  5:49  Orbital Command  
  43  5:50  SCV  
  43  5:52  Barracks Reactor  
  44  5:57  SCV  
  44  6:02  SCV  
  46  6:05  Supply Depot  
  46  6:10  Supply Depot, Marine, Marauder  
  49  6:20  Concussive Shells  
  49  6:21  Starport, Marine  
  49  6:22  Marine  
  51  6:28  Marine  
  52  6:33  SCV x3  
  55  6:41  Refinery  
  55  6:43  Refinery, Marine x2  
  55  6:44  Marine, Marauder  
  55  6:45  SCV  
  61  6:48  Widow Mine  
  61  6:49  Widow Mine  
  65  7:00  Armory  
  65  7:01  Marine x4  
  66  7:04  Marine x2  
  71  7:11  Supply Depot  
  71  7:18  Marine  
  71  7:19  Marine x2  
  71  7:20  Marauder  
  71  7:21  Marine  
  77  7:25  Marauder, Orbital Command  
  77  7:27  Barracks x2  
  77  7:28  Barracks  
  79  7:40  Marine x3  
  79  7:41  Marauder, Marine  
  79  7:42  SCV  
  79  7:43  SCV  
  87  7:46  Marauder  
  87  7:48  Starport Reactor  
  89  7:55  Starport  
  89  7:56  Widow Mine x2  
  93  8:01  Terran Infantry Weapons Level 2  
  93  8:02  Terran Infantry Armor Level 2  
  93  8:08  Marauder x2, Marine x4  
  93  8:11  Supply Depot  
  101  8:13  Supply Depot x2  
  101  8:16  SCV  
  101  8:17  SCV  
  101  8:19  SCV  
  104  8:25  Barracks Reactor, Barracks Tech Lab, Widow Mine x2  
  104  8:26  Barracks Reactor, Marine  
  109  8:32  Marine  
  109  8:33  Marauder  
  112  8:36  Terran Vehicle And Ship Armor Level 1, Starport Reactor  
  112  8:37  Marine  
  112  8:38  Marine  
  112  8:39  Marine  
  115  8:45  SCV x3  
  115  8:47  Marine x2  
  120  8:50  Medivac  
  122  8:57  SCV x2  
  122  9:02  Medivac  
  126  9:06  Marine x3  
  126  9:07  Marine x4  
  133  9:21  Supply Depot  
  133  9:23  Supply Depot  
  133  9:25  Supply Depot  
  133  9:30  Supply Depot  
  133  9:38  Supply Depot x2  
  133  9:43  Medivac x2, Marine x4  
  133  9:45  Marauder, Medivac, Marine x4  
  149  9:46  Marine x2  
  149  9:48  Medivac  
  153  10:01  Marine x4  
  153  10:03  Marauder, Marine x3  
  153  10:04  Bunker, Marine  
  153  10:05  Marauder  
  153  10:06  Marine  
  166  10:13  Medivac x2  
  170  10:15  Medivac  
  170  10:17  Command Center  
  170  10:19  Refinery  
  170  10:20  Refinery  
  172  10:32  Marine x5  
  172  10:33  Marine x2, Marauder  
  181  10:39  Marine x2  
  181  11:00  Marine x4  
  181  11:01  Marauder x3  
  181  11:02  Marine x4  
  175  11:18  Marine x4  
  175  11:20  Fusion Core, Marine x2  
  181  11:29  Marauder x2, Marine x3  
  184  11:36  Marine x4  
  184  11:39  Marine x2  
  190  11:46  Marine x2  
  194  11:47  Marauder  
  194  11:50  Marauder  
  194  11:54  Marine, Marauder  
  196  11:55  Marine  
  196  11:56  Marine  
  196  11:57  Marine x2  
  196  11:59  Marine  
  195  12:04  Marine  
  195  12:08  Marauder  
Show
View Real Time Build Order
Export as new Build Order

chefen Zerg 

Build Orders: Pool First 

Get SALT Encoding   

  12  0:01  Drone  
  13  0:09  Extractor  
  13  0:12  Drone  
  13  0:30  Spawning Pool  
  13  0:34  Drone  
  13  0:44  Overlord  
  13  0:50  Drone  
  14  1:05  Drone x2  
  16  1:17  Queen  
  18  1:25  Zergling x4  
  20  1:29  Drone  
  21  1:35  Metabolic Boost  
  21  2:01  Drone  
  21  2:04  Hatchery  
  21  2:05  Overlord  
  20  2:34  Drone x4  
  20  2:35  Drone x2  
  25  2:46  Zergling x2  
  26  2:57  Zergling x2  
  27  3:14  Drone x2  
  27  3:16  Overlord  
  29  3:34  Queen  
  29  3:37  Zergling x6  
  34  4:00  Drone  
  34  4:01  Drone x2  
  34  4:02  Drone x3  
  40  4:15  Lair  
  40  4:18  Extractor  
  40  4:22  Evolution Chamber  
  38  4:28  Evolution Chamber, Drone x5  
  38  4:29  Drone  
  43  4:32  Extractor  
  43  4:34  Extractor  
  41  4:43  Queen  
  43  4:49  Zergling x2  
  43  4:50  Roach Warren, Overlord, Zergling x2  
  42  5:02  Zergling x6  
  35  5:37  Drone  
  35  5:38  Drone x5  
  35  5:39  Zergling x10  
  46  5:54  Hydralisk Den  
  46  5:55  Drone x3  
  48  6:21  Zerg Missile Weapons Level 1  
  48  6:22  Zerg Ground Armor Level 1  
  38  6:28  Zergling x14  
  45  6:36  Lurker Den  
  45  6:37  Hatchery  
  44  6:42  Hydralisk x2  
  48  6:54  Hydralisk x2  
  48  6:56  Overlord x2  
  52  7:25  Drone  
  52  7:26  Drone x2  
  52  7:28  Drone x5  
  60  7:43  Overseer  
  60  7:52  Hydralisk x6  
  60  7:53  Hydralisk  
  60  7:54  Overlord x2  
  74  8:05  Muscular Augments  
  74  8:38  Spore Crawler  
  74  8:39  Spore Crawler  
  74  8:40  Hatchery  
  71  8:41  Spore Crawler x2  
  71  8:42  Drone x2  
  71  8:45  Drone x3  
  74  8:50  Zerg Missile Weapons Level 2  
  74  8:52  Zerg Ground Armor Level 2  
  74  8:53  Hydralisk x4  
  82  9:05  Lurker  
  83  9:23  Lurker  
  83  9:34  Hydralisk x2  
  83  9:36  Zergling x2  
  83  9:37  Zergling x4  
  90  9:39  Overlord x3  
  90  9:52  Overlord  
  90  10:00  Queen  
  90  10:01  Overlord  
  90  10:03  Drone x6  
  90  10:04  Drone x3  
  90  10:07  Lurker  
  102  10:30  Drone x7, Extractor x2  
  107  10:45  Overseer  
  107  10:49  Hydralisk x5  
  109  10:50  Hydralisk x5  
  124  11:36  Overseer  
  124  11:39  Overseer  
  92  12:27  Hatchery  
Tags
 
Add a new tag
Caveats
  • Supply blocks, unpowered buildings, or Contaminate may cause inaccurate times.
  • Supply counts are checked every 10 seconds.